 Dungeon Crawl Stone Soup version 0.32-a0-886-g41c5271027 (webtiles) character file.

Game seed: 4146172887214929456

195 Fodor the Covered (level 5, 0/46 HPs)
             Began as a Minotaur Fighter on Apr 2, 2024.
             Killed by divine providence
             ... invoked by an orc priest
              (17 damage)
             ... on level 3 of the Dungeon.
             The game lasted 00:05:28 (1606 turns).

Fodor the Covered (Minotaur Fighter)                Turns: 1606, Time: 00:05:36

Health: 0/46       AC:  7    Str: 22    XL:     5   Next: 45%
Magic:  4/4        EV:  8    Int:  5    God:
Gold:   63         SH:  4    Dex: 10    Spells: 4/4 levels left

rFire   . . .        w - +0 morningstar
rCold   . . .        c - +0 buckler
rNeg    . . .        b - +0 scale mail
rPois   .            (helmet restricted)
rElec   .            (no cloak)
rCorr   .            (no gloves)
SInv    +            (no boots)
Will    .....        (no amulet) Stlth
                     q - ring of see invisible
HPRegen 0.27/turn    (no ring)
MPRegen 0.09/turn

%: no passive effects
@: no status effects
A: horns 2, retaliatory headbutt
a: Convert to Beogh


You were on level 3 of the Dungeon.
You visited 1 branch of the dungeon, and saw 3 of its levels.

You collected 63 gold pieces.

Inventory:

Hand Weapons
 a - a +0 war axe
 p - a +0 sling
 w - a +0 morningstar (weapon)
Armour
 b - a +0 scale mail (worn)
 c - a +0 buckler (worn)
Jewellery
 j - an amulet of the acrobat
 q - a ring of see invisible (left hand)
Scrolls
 e - 2 scrolls of brand weapon {unknown}
 f - a scroll of fog {unknown}
 g - 3 scrolls of identify {unknown}
 h - a scroll of enchant armour {unknown}
 i - a scroll of immolation {unknown}
 l - a scroll of teleportation {unknown}
 n - a scroll of revelation {unknown}
 s - a scroll of fear {unknown}
Potions
 d - a potion of might
 k - 2 potions of lignification {unknown}
 m - a potion of brilliance {unknown}
 o - a potion of enlightenment {unknown}
 r - 2 potions of degeneration {unknown}
 t - a potion of berserk rage {unknown}


   Skills:
 + Level 4.1 Fighting
 + Level 4.1 Axes
 + Level 0.2(2.4) Maces & Flails
 + Level 3.1 Ranged Weapons
 + Level 4.5 Armour
 + Level 0.2 Dodging
 + Level 4.2 Shields


You had 4 spell levels left.
You didn't know any spells.
Your spell library contained the following spells:

 Spells                   Type           Power      Damage    Failure   Level
 Apportation              Tloc           0%         N/A       86%         1
 Sandblast                Erth           0%         2d4       86%         1
 Call Imp                 Summ           0%         N/A       94%         2
 Jinxbite                 Hex            0%         N/A       94%         2
 Mercury Vapours          Alch/Air       0%         N/A       94%         2
 Sublimation of Blood     Necr           0%         N/A       94%         2
 Mephitic Cloud           Conj/Alch/Air  0%         N/A       99%         3
 Stone Arrow              Conj/Erth      0%         3d7       99%         3
 Brom's Barrelling Bould  Conj/Erth      0%         2d3       100%        4
 Alistair's Intoxication  Alch           0%         N/A       100%        5
 Freezing Cloud           Conj/Ice/Air   0%         6-21      100%        5
 Summon Hydra             Summ           0%         N/A       100%        7


Dungeon Overview and Level Annotations

Branches:
Dungeon (3/15)

Altars:
Sif Muna


Innate Abilities, Weirdness & Mutations

You have a pair of horns on your head.
You reflexively headbutt those who attack you in melee.


Message History

You are caught in a web!
There is a web here.
The web tears apart.
You feel sick.
The goblin shouts!
You hear a shout!
You block the giant cockroach's attack. The jelly hits you but does no damage.
An orc priest comes into view. It is wielding a +0 whip.
The orc hits you with a +0 whip. The goblin closely misses you.
The orc priest shouts, "The Pantheon deserves no one's loyalty.
Let us show you the true path!" (press Y on the ability menu to convert to Beogh)
You feel sick. The jelly closely misses you.
An endoplasm comes into view.
You feel sick. The orc attacks as it pursues you! You block the orc's attack.
You feel sick.
You feel sick. The orc attacks as it pursues you!
The orc hits you but does no damage.
You feel sick.
You are no longer poisoned.
The jelly attacks as it pursues you! The jelly hits you but does no damage.
The endoplasm jiggles.
The jelly attacks as it pursues you! The jelly barely misses you.
The jelly attacks as it pursues you! The jelly hits you but does no damage.
You puncture the jelly!
Your hands burn!
The jelly is heavily wounded.
The jelly jiggles.
You block the jelly's attack. x2
You sock the jelly!
You kill the jelly!
The orc hits you but does no damage.
Your Ranged Weapons skill increases to level 3!
You closely miss the orc.
An orc comes into view. It is wielding a +1 flail of venom.
The orc hits you with a +0 whip.
You barely miss the orc. The orc hits you with a +0 whip. x2
You hit the orc but do no damage.
The orc priest threatens, "Beogh's wrath is as vast as their mercy.
Make your choice!"
You headbutt the orc!
You kill the orc!
The orc priest calls down the wrath of Beogh upon you.
Beogh smites you!
You die...

#.#..# #...### #..........#
#.#..# #..)# #####.........)#
#.#..#####.# #.#............#
..#........# #.#.#.########.#
..#.######## #.#.#...##.# #.#
.........### #.#.#......# #.#
......##... #<....##.#.###.#
.#..#.##.# #.#.#.##.....#.#
.........# #@#.#.####.#...##
##.##.##.# #)#.#.# #.###..##
##.##.##.### #o#.#.# #.# #...#
...........# #B#.#.# ... #.#..
##.#.....#.#####w#...+ ... #.##.
##.............gg###.# ....##.##.
.......###.#.B.oo.............##.
##...#.....#)........###########.
##...#......og######## ##


You could see a ribbon worm, an orc priest, 2 orcs, a giant cockroach and 2
goblins.

Vanquished Creatures
  A jelly (D:3)
  2 orc wizards (D:3)
  6 adders
  2 dart slugs
  2 ribbon worms
  5 orcs (D:3)
  7 ball pythons
  3 bats
  5 endoplasms
  A giant cockroach (D:2)
  A goblin (D:2)
  5 hobgoblins
  4 jackals (D:1)
  2 frilled lizards
  4 kobolds
  5 rats
55 creatures vanquished.

Notes
Turn   | Place    | Note
-------+----------+-------------------------------------------
     0 | D:1      | Fodor the Minotaur Fighter began the quest for the Orb.
     0 | D:1      | Reached XP level 1. HP: 19/19 MP: 0/0
   172 | D:1      | Reached XP level 2. HP: 21/27 MP: 1/1
   536 | D:2      | Reached XP level 3. HP: 23/33 MP: 2/2
   596 | D:2      | Reached skill level 1 in Ranged Weapons
   686 | D:2      | Reached XP level 4. HP: 35/40 MP: 3/3
  1306 | D:3      | Found a shimmering blue altar of Sif Muna.
  1347 | D:3      | Reached XP level 5. HP: 10/46 MP: 4/4
  1606 | D:3      | Killed from afar by an orc priest

Illustrated notes

Levels and vault maps discovered:
D:1:      lightli_arrival_statuegarden, layout_rooms
D:2:      layout_loops_ring
D:3:      layout_basic, nicolae_sif_muna_little_library,
          hangedman_abyss_or_decor_lesser_grid, minmay_starry_boxes

Skill      XL: |  1  2  3  4  5 |
---------------+----------------+-----
Axes           | 3 4 |  4.1
Shields        | 4 |  4.2
Armour         | 4 |  4.5
Ranged Weapons | 2 3 |  3.1
Fighting       | 4 |  4.1
Maces & Flails | |  0.2
Dodging        | |  0.2

Action                     |  1- 3 |  4- 6 || total
---------------------------+-------+-------++-------
  Melee: War axe           |    43 |    20 ||    63
         Headbutt          |     3 |     1 ||     4
         Morningstar       |       |    17 ||    17
   Fire: Sling             |    29 |    22 ||    51
 Armour: Scale mail        |    65 |    50 ||   115
  Dodge: Dodged            |    36 |    27 ||    63
  Block: Buckler           |    14 |     8 ||    22

Table legend: (Time is in decaauts)
 A = Elapsed time spent in this place.
 B = Non-inter-level travel time spent in this place.
 C = Inter-level travel time spent in this place.
 D = Time resting spent in this place.
 E = Time spent auto-exploring this place.
 F = Levels seen in this place.
 G = Mean time per level.
                   A        B        C        D        E       F      G
               +--------+--------+--------+--------+--------+-----+--------+
         Total |   1656 |   1656 |      0 |    132 |   1027 |   3 |  552.0 |
       Dungeon |   1656 |   1656 |      0 |    132 |   1027 |   3 |  552.0 |
               +--------+--------+--------+--------+--------+-----+--------+

Top non-repeatable levels by time:
     D:2: 689 daAuts
     D:1: 518 daAuts
     D:3: 449 daAuts
